 Dungeon Crawl Stone Soup version 0.30.1-11-g7821555f0a (webtiles) character file.

Game seed: 8652717876091101936

1451 jtron the Thaumaturge (level 8, 0/64 HPs)
             Began as a Gnoll Wanderer on Dec 22, 2023.
             Succumbed to a centaur's poison
             ... on level 5 of the Dungeon.
             The game lasted 00:24:22 (5967 turns).

jtron the Thaumaturge (Gnoll Wanderer)              Turns: 5967, Time: 00:24:23

Health: 0/64       AC:  9    Str: 16    XL:     8   Next: 75%
Magic:  21/23      EV: 13    Int: 19    God:
Gold:   287        SH:  0    Dex: 11    Spells: 19/30 levels left

rFire   . . .        a - +3 rapier of Qazlal's Indignation {freeze, Int+3}
rCold   . . .        (no shield)
rNeg    . . .        u - +2 robe {Will+}
rPois   .            o - +1 helmet of Purpose {rCorr Stlth+}
rElec   .            n - +0 cloak
rCorr   +            (no gloves)
SInv    .            x - +0 pair of boots
Will    +....        (no amulet)
Stlth   +++          g - ring of flight
HPRegen 0.30/turn    s - +6 ring of intelligence
MPRegen 0.18/turn

%: no passive effects
@: lethally poisoned (0 -> -32), flying
A: fangs 1, strong nose, distributed training
a: no special abilities


You were on level 5 of the Dungeon.
You visited 2 branches of the dungeon, and saw 6 of its levels.

You collected 287 gold pieces.

Inventory:

Hand Weapons
 a - the +3 rapier of Qazlal's Indignation (weapon) {freeze, Int+3}
   (You took it off a hobgoblin on level 2 of the Dungeon)

   Int:       It affects your intelligence (+3).
 b - a +1 sling
 d - a +0 short sword
Missiles
 p - 56 stones (quivered)
 t - 3 boomerangs of dispersal
Armour
 n - a +0 cloak (worn)
 o - the +1 helmet of Purpose (worn) {rCorr Stlth+}
   (You found it on level 4 of the Dungeon)

   rCorr:     It protects you from acid and corrosion.
   Stlth:     It makes you more stealthy.
 u - a +2 robe of willpower (worn)
 x - a +0 pair of boots (worn)
Jewellery
 g - a ring of flight (left hand)
 s - a +6 ring of intelligence (right hand)
 w - a +6 ring of intelligence
Scrolls
 i - 2 scrolls of teleportation
 j - a scroll of poison
Potions
 c - a potion of curing
 e - a potion of ambrosia
 f - a potion of invisibility {unknown}
 h - a potion of resistance {unknown}
 k - a potion of mutation
 l - 4 potions of brilliance
 m - a potion of cancellation
 q - a potion of flight
 r - a potion of heal wounds {unknown}
 v - a potion of haste {unknown}


   Skills:
 + Level 5.9 Fighting
 + Level 3.7 Short Blades
 + Level 3.7 Long Blades
 + Level 3.7 Axes
 + Level 3.7 Maces & Flails
 + Level 3.7 Polearms
 + Level 3.7 Staves
 + Level 3.7 Ranged Weapons
 + Level 3.7 Throwing
 + Level 4.5 Armour
 + Level 4.5 Dodging
 + Level 3.7 Stealth
 + Level 3.7 Shields
 + Level 3.7 Unarmed Combat
 + Level 11.9 Spellcasting
 + Level 3.0 Conjurations
 + Level 3.0 Hexes
 + Level 3.0 Summonings
 + Level 3.0 Necromancy
 + Level 3.0 Translocations
 + Level 3.0 Transmutations
 + Level 3.0 Fire Magic
 + Level 3.0 Ice Magic
 + Level 3.0 Air Magic
 + Level 3.0 Earth Magic
 + Level 3.0 Poison Magic
 + Level 4.0 Invocations
 + Level 3.7 Evocations


You had 19 spell levels left.
You knew the following spells:

 Your Spells              Type           Power      Damage    Failure   Level
a - Shock                 Conj/Air       88%        1d8       1%          1
b - Passwall              Tmut/Erth      18%        N/A       2%          2
c - Swiftness             Air            22%        N/A       5%          3
d - Frozen Ramparts       Ice            44%        1d7       5%          3
e - Ensorcelled Hibernat  Hex/Ice        44%        N/A       2%          2

Your spell library contained the following spells:

 Spells                   Type           Power      Damage    Failure   Level
 Magic Dart               Conj           88%        1d7       1%          1
 Scorch                   Fire           44%        2d6       2%          2


Dungeon Overview and Level Annotations

Branches:
Dungeon (5/15)             Temple (1/1) D:4

Altars:
Ashenzari
Cheibriados
Dithmenos
Fedhas
Gozag
Kikubaaqudgha
Nemelex Xobeh
Okawaru
Ru
Trog
Uskayaw
Vehumet
Wu Jian
Zin
The Shining One
Lugonu

Portals:
Abyss: D:3

Annotations:
D:3 2 runed translucent doors


Innate Abilities, Weirdness & Mutations

You have very sharp teeth.
Your uncanny sense of smell can sniff out nearby items.
Your experience applies equally to all skills.


Message History

You are more poisoned.
The centaur barely misses you. The centaur closely misses you. x2
You hit the centaur but do no damage.
The centaur is moderately wounded.
You feel very sick.
The centaur hits you but does no damage.
You are more poisoned.
The centaur kicks you.
You hit the centaur. You freeze the centaur.
The centaur is heavily wounded.
You feel very sick. The centaur barely misses you.
The centaur closely misses you. The centaur completely misses you.
The centaur closely misses you.
You hit the centaur. You freeze the centaur.
You bite the centaur, but do no damage.
The centaur is severely wounded.
You feel very sick. The centaur completely misses you.
The centaur barely misses you.
Casting: Shock (safe; 1% risk of failure)
Confirm with . or Enter, or press ? or * to list all spells.
Aiming: Shock (safe; 1% risk of failure)
Press: ? - help, Shift-Dir - straight line The zap hits the centaur.
The centaur is severely wounded.
You feel very sick.
The centaur hits you with a +1 dagger of venom.
* * * LOW HITPOINT WARNING * * *
You are lethally poisoned!
The centaur barely misses you.
The centaur hits you with a +1 dagger of venom.
* * * LOW HITPOINT WARNING * * *
You are more poisoned.
The centaur barely misses you.
Casting: Shock (safe; 1% risk of failure)
Confirm with . or Enter, or press ? or * to list all spells.
Aiming: Shock (safe; 1% risk of failure)
Press: ? - help, Shift-Dir - straight line The zap hits the centaur.
The centaur is almost dead.
You die...

#.......[#
#.......##
#.......##
#........#
#.......############
#.......##.....##...
#.......##..........
#######'##..........
#.c@....'...........
#.......##....###...
#.......#########...
#.............#.....
#.............#.....
#.......#...........
#########...........
#.########## ###


You could see a centaur.

Vanquished Creatures
  Sigmund (D:3)
  Menkaure (D:5)
  2 water moccasins (D:5)
  Duvessa (D:4)
  Pargi (D:4)
  2 phantoms
  2 scorpions
  Dowan (D:4)
  A hound (D:4)
  2 iguanas (D:5)
  2 sleepcaps (D:5)
  Jessica (D:2)
  4 orc wizards (D:5)
  4 gnolls
  3 adders
  An ufetubus (D:4)
  3 worms
  A dart slug (D:1)
  13 orcs
  7 ball pythons
  7 endoplasms
  4 giant cockroaches
  10 goblins
  6 hobgoblins
  10 jackals
  3 quokkas
  6 bats
  5 frilled lizards
  11 kobolds
  8 rats
123 creatures vanquished.

Notes
Turn   | Place    | Note
-------+----------+-------------------------------------------
     0 | D:1      | Reached skill level 11 in Spellcasting
     0 | D:1      | jtron the Gnoll Wanderer began the quest for the Orb.
     0 | D:1      | jtron set off with the following items: a +0 club, a +0
                  | ring mail, a scroll of blinking, a potion of curing; and
                  | the following spells available to memorise: Magic Dart,
                  | Shock, Scorch, Frozen Ramparts.
     0 | D:1      | Reached XP level 1. HP: 20/20 MP: 12/12
     2 | D:1      | Learned a level 1 spell: Shock
   113 | D:1      | Reached XP level 2. HP: 24/26 MP: 9/14
   488 | D:1      | Reached XP level 3. HP: 31/31 MP: 12/15
   896 | D:1      | Reached skill level 1 in Invocations
  1281 | D:2      | Reached skill level 1 in Short Blades
  1281 | D:2      | Reached skill level 1 in Long Blades
  1281 | D:2      | Reached skill level 1 in Axes
  1281 | D:2      | Reached skill level 1 in Maces & Flails
  1281 | D:2      | Reached skill level 1 in Polearms
  1281 | D:2      | Reached skill level 1 in Staves
  1281 | D:2      | Reached skill level 1 in Ranged Weapons
  1281 | D:2      | Reached skill level 1 in Throwing
  1281 | D:2      | Reached skill level 1 in Stealth
  1281 | D:2      | Reached skill level 1 in Shields
  1281 | D:2      | Reached skill level 1 in Unarmed Combat
  1281 | D:2      | Reached skill level 1 in Evocations
  1414 | D:2      | Found a faded altar of an unknown god.
  1417 | D:2      | Reached XP level 4. HP: 38/38 MP: 15/17
  1693 | D:2      | Learned a level 2 spell: Passwall
  1858 | D:2      | Identified the +3 rapier of Qazlal's Indignation {freeze,
                  | Int+3}
  1945 | D:2      | Noticed Jessica
  1956 | D:2      | Killed Jessica
  1957 | D:2      | Reached skill level 1 in Conjurations
  1957 | D:2      | Reached skill level 1 in Hexes
  1957 | D:2      | Reached skill level 1 in Summonings
  1957 | D:2      | Reached skill level 1 in Necromancy
  1957 | D:2      | Reached skill level 1 in Translocations
  1957 | D:2      | Reached skill level 1 in Transmutations
  1957 | D:2      | Reached skill level 1 in Fire Magic
  1957 | D:2      | Reached skill level 1 in Ice Magic
  1957 | D:2      | Reached skill level 1 in Air Magic
  1957 | D:2      | Reached skill level 1 in Earth Magic
  1957 | D:2      | Reached skill level 1 in Poison Magic
  2354 | D:2      | Reached XP level 5. HP: 43/43 MP: 13/18
  2788 | D:3      | Found a one-way gate to the infinite horrors of the Abyss.
  2947 | D:3      | Found a large runed translucent door.
  2948 | D:3      | Found a large runed translucent door.
  2955 | D:3      | Found a corrupted altar of Lugonu.
  3282 | D:3      | Noticed Sigmund
  3294 | D:3      | Killed Sigmund
  3295 | D:3      | Reached skill level 5 in Fighting
  3295 | D:3      | Reached XP level 6. HP: 36/51 MP: 18/20
  3558 | D:4      | Identified the +1 helmet of Purpose {rCorr Stlth+}
  3582 | D:4      | Learned a level 3 spell: Swiftness
  3630 | D:4      | Reached XP level 7. HP: 44/56 MP: 20/22
  4077 | D:4      | Noticed Duvessa
  4085 | D:4      | Learned a level 3 spell: Frozen Ramparts
  4087 | D:4      | Noticed Dowan
  4103 | D:4      | HP: 1/56 [Duvessa/+0 short sword (8)]
  4104 | D:4      | Killed Duvessa
  4104 | D:4      | Killed Dowan
  4509 | D:4      | Noticed Pargi
  4529 | D:4      | Killed Pargi
  4715 | D:4      | Found a staircase to the Ecumenical Temple.
  4726 | Temple   | Entered the Ecumenical Temple
  4814 | D:4      | Found a blossoming altar of Fedhas.
  4971 | D:5      | Entered Level 5 of the Dungeon
  4993 | D:5      | Reached XP level 8. HP: 38/63 MP: 21/23
  5043 | D:5      | Noticed Menkaure
  5150 | D:5      | Learned a level 2 spell: Ensorcelled Hibernation
  5410 | D:5      | Killed Menkaure
  5596 | D:5      | Found a radiant altar of Vehumet.
  5967 | D:5      | Succumbed to a centaur's poison

Illustrated notes

Levels and vault maps discovered:
D:1:      nicolae_arrival_washed_ashore, layout_rooms, serial_forest,
          infiniplex_forest_clump_small, infiniplex_forest_lined_2,
          infiniplex_forest_lined_room_, infiniplex_forest_clump_diagonal,
          infiniplex_forest_lined_4_way, infiniplex_forest_clump_small,
          infiniplex_forest_end_3, minmay_indecisive_spiral
D:2:      layout_loops_ring, nicolae_ecumenical_snake_handling, uniq_jessica
D:3:      due_chaos_kobolds, layout_rooms, uniq_sigmund, uniq_crazy_yiuf_cottage
D:4:      minmay_evil_eye, layout_loops_ring, marbit_many_paths,
          minmay_temple_entry_poolview, uniq_pargi, uniq_duvessa
D:5:      layout_gridville, mainiacjoe_overflow_concentric_impassable,
          uniq_menkaure
Temple:   nicolae_temple_ecumenical_triangle

Skill      XL: |  1  2  3  4  5  6  7  8 |
---------------+-------------------------+-----
Spellcasting   | | 11.9
Invocations    | 1 2 3 4 |  4.0
Short Blades   | 1 2 3 |  3.7
Long Blades    | 1 2 3 |  3.7
Axes           | 1 2 3 |  3.7
Maces & Flails | 1 2 3 |  3.7
Polearms       | 1 2 3 |  3.7
Staves         | 1 2 3 |  3.7
Ranged Weapons | 1 2 3 |  3.7
Throwing       | 1 2 3 |  3.7
Stealth        | 1 2 3 |  3.7
Shields        | 1 2 3 |  3.7
Unarmed Combat | 1 2 3 |  3.7
Evocations     | 1 2 3 |  3.7
Conjurations   | 1 2 3 |  3.0
Hexes          | 1 2 3 |  3.0
Summonings     | 1 2 3 |  3.0
Necromancy     | 1 2 3 |  3.0
Translocations | 1 2 3 |  3.0
Transmutations | 1 2 3 |  3.0
Fire Magic     | 1 2 3 |  3.0
Ice Magic      | 1 2 3 |  3.0
Air Magic      | 1 2 3 |  3.0
Earth Magic    | 1 2 3 |  3.0
Poison Magic   | 1 2 3 |  3.0
Armour         | 3 4 |  4.5
Dodging        | 3 4 |  4.5
Fighting       | 5 |  5.9

Action                     |  1- 3 |  4- 6 |  7- 9 || total
---------------------------+-------+-------+-------++-------
  Melee: Club              |     5 |       |       ||     5
         Short sword       |    27 |    14 |       ||    41
         Bite              |     4 |     7 |    20 ||    31
         Rapier            |       |    59 |   143 ||   202
         Punch             |       |       |     4 ||     4
   Cast: Shock             |    63 |    75 |    53 ||   191
         Frozen Ramparts   |       |       |     6 ||     6
         Swiftness         |       |       |     2 ||     2
    Use: Potion            |     2 |     1 |     1 ||     4
         Scroll            |       |     6 |     6 ||    12
   Stab: Sleeping          |       |     2 |     9 ||    11
 Armour: Ring mail         |    20 |       |       ||    20
         Robe              |       |    10 |    61 ||    71
  Dodge: Dodged            |    51 |    28 |   104 ||   183
